 Dungeon Crawl Stone Soup version 0.31-a0-446-g07c4bd200f (webtiles) character file.

Game seed: 1699028232980317848

2537 MacCMillion the Grappler (level 9, -3/76 (81) HPs)
             Began as a Red Draconian Shapeshifter on Aug 3, 2023.
             Was a Priest of Okawaru.
             Slain by a wight
             ... wielding a +4 dire flail of freezing
              (7 damage)
             ... on level 5 of the Dungeon.
             The game lasted 00:14:48 (5628 turns).

MacCMillion the Grappler (DrSh)                     Turns: 5628, Time: 00:14:48

HP:   -3/76 (81)    AC:  7    Str: 21    XL:     9   Next: 30%
MP:   8/10          EV: 12    Int:  8    God:    Okawaru [***...]
Gold: 330           SH:  0    Dex: 13    Spells: 8/8 levels left

rFire   + .          .
                       - Unarmed
rCold   . . .        (no shield)
rNeg    . . .        (body armour unavailable)
rPois   +            (helmet currently unavailable)
rElec   .            (cloak currently unavailable)
rCorr   .            (gloves currently unavailable)
SInv    .            (boots currently unavailable)
Will    .....        (no amulet)
Stlth   +            d - ring of poison resistance
HPRegen 0.32/turn    (no ring)
MPRegen 0.12/turn

%: no passive effects
@: short of breath, beast-form, slowed, drained, very slow
A: beast (slay +3), breathe fire, AC +7, unfitting armour, fire resistance 1,
cold-blooded
a: Breathe Fire, Begin Untransformation, Renounce Religion, Heroism


You were on level 5 of the Dungeon.
You worshipped Okawaru.
Okawaru was most pleased with you.
You were a hulking beast.
You visited 2 branches of the dungeon, and saw 7 of its levels.
You also visited: Sewer and Ossuary.

You collected 330 gold pieces.

Inventory:

Armour
 h - a +2 cloak
 r - a +0 pair of gloves
 u - the +2 pair of boots "Koppal" {Rampage rC- Regen+ Str+7}
   (You acquired it on level 5 of the Dungeon)

   Str:       It affects your strength (+7).
   rC:        It makes you vulnerable to cold.
   Regen:     It increases your rate of health regeneration.
   Rampage:   It bestows one free step when moving towards enemies.
Jewellery
 d - a ring of poison resistance (left hand)
 n - a +6 ring of intelligence
Talismans
 b - a beast talisman (active)
Wands
 j - a wand of iceblast (10)
Scrolls
 e - a scroll of teleportation
 f - a scroll of vulnerability
 g - 2 scrolls of noise
 i - a scroll of poison
 k - 2 scrolls of amnesia {unknown}
 l - 3 scrolls of enchant armour {unknown}
 m - a scroll of revelation
 q - 2 scrolls of fear {unknown}
 v - a scroll of silence {unknown}
Potions
 a - a potion of brilliance
 c - a potion of mutation {unknown}
 o - a potion of ambrosia
 p - a potion of curing
 s - a potion of magic {unknown}
 t - 7 potions of invisibility
 w - 2 potions of might
 x - a potion of degeneration {unknown}
 z - a potion of heal wounds {unknown}
 A - a potion of experience {unknown}


   Skills:
 + Level 8.2 Fighting
 - Level 1.7 Dodging
 + Level 9.4 Unarmed Combat
 + Level 1.6 Invocations
 - Level 4.9 Shapeshifting


You had 8 spell levels left.
You didn't know any spells.
Your spell library was empty.

Dungeon Overview and Level Annotations

Branches:
Dungeon (6/15)             Temple (1/1) D:4           Sewer (visited)
Ossuary (visited)

Altars:
Ashenzari
Cheibriados
Elyvilon
Fedhas
Gozag
Kikubaaqudgha
Makhleb
Nemelex Xobeh
Okawaru
Qazlal
Ru
Sif Muna
Trog
Uskayaw
Vehumet
Wu Jian
Xom
Yredelemnul
Zin
The Shining One

Shops:
D:1 (   D:2 *   D:4 :


Innate Abilities, Weirdness & Mutations

You are a hulking beast.
Your limbs bulge with bestial killing power. (Slay +3)
You can breathe blasts of fire.
Your fiery red scales are hard. (AC +7)
You cannot fit into any form of body armour.
Your flesh is heat resistant. (rF+)
You are cold-blooded and may be slowed by cold attacks.


Message History

You punch Maggie!
Maggie is heavily wounded.
The wight barely misses you.
Maggie is engulfed in blazing flames.
Maggie barely misses you.
You punch Maggie!
Maggie is severely wounded.
You pummel Maggie!!
You break out of your daze!
You kill Maggie!
Okawaru is honoured by your kill. The wight misses you.
Your life force feels restored.
Your base Fighting skill increases to level 8!
Your Invocations skill increases to level 1!
The wight closely misses you. The wight barely misses you.
The wight misses you.
There is a stone staircase leading up here.
The wight hits you with a +2 long sword of freezing.
The wight freezes you.
The wight hits you with a +4 dire flail of freezing!
You feel drained. The wight freezes you.
You climb upwards.
There is a stone staircase leading down here.
The wight attacks as you move away! The wight closely misses you.
You feel like a meek peon again. The wight attacks as you move away!
The wight hits you with a +4 dire flail of freezing!
* * * LOW HITPOINT WARNING * * *
You feel drained.
* * * LOW HITPOINT WARNING * * *
You feel yourself slow down. The wight freezes you.
* * * LOW HITPOINT WARNING * * *
You hit the wight.
Your tail-slap misses the wight.
The wight is heavily damaged.
You feel yourself speed up.
The wight hits you with a +4 dire flail of freezing!
* * * LOW HITPOINT WARNING * * *
You feel yourself slow down. The wight freezes you!
You die...

..###..........#####
...................#########
...........................#
...........................#
................##.........#
.######...g#....##.........#
.#########.#....##.........#
.##........#...###.........#
................hzz........######
###........#...###...............
...........#...#...........######
##.........#...#................#
##.........#...#....#####.##.#..#
..........#....#....###........##
.........##.............#........
.........##........#......)###.##
.........##........#.......# #.#


You could see 2 wights.

Vanquished Creatures
  Maggie (D:6)
  Grinder (D:4)
  Sigmund (D:4)
  4 yaks (D:5)
  Duvessa (D:5)
  Edmund (D:5)
  A sky beast (D:6)
  An ogre (D:4)
  A phantom (D:5)
  Dowan (D:5)
  A howler monkey (D:4)
  2 centaur zombies (Ossuary)
  4 hounds
  4 jellies (Sewer)
  A gnoll bouda (D:5)
  A sleepcap (D:4)
  2 iguanas (D:5)
  2 orc wizards (D:4)
  6 mummies (Ossuary)
  13 adders
  3 gnolls (D:5)
  2 river rats (Sewer)
  2 shadow imps
  2 worms
  4 dart slugs
  5 orcs
  8 bats
  12 endoplasms
  9 giant cockroaches
  7 goblins
  4 hobgoblins (D:1)
  A jackal (D:1)
  4 kobolds
  3 quokkas
  12 ball pythons
  3 frilled lizards
  3 hobgoblin zombies
  An orc zombie (D:5)
  8 rats
142 creatures vanquished.

Notes
Turn   | Place    | Note
-------+----------+-------------------------------------------
     0 | D:1      | MacCMillion the Draconian Shapeshifter began the quest for
                  | the Orb.
     0 | D:1      | Reached XP level 1. HP: 16/16 MP: 1/1
    73 | D:1      | Reached XP level 2. HP: 15/23 MP: 2/2
   197 | D:1      | Found Zelaxt Benon's Antique Weapon Shop.
   611 | D:1      | Reached XP level 3. HP: 29/29 MP: 3/3
  1021 | D:2      | Reached skill level 4 in Unarmed Combat
  1225 | D:2      | You fall into a shaft and drop 1 floor!
  1451 | D:2      | Identified the +5 mace "Johayp" {venom, Fly rF+}
  1537 | D:2      | Found Wuiwoamy's General Store.
  1600 | D:3      | Reached XP level 4. HP: 32/37 MP: 4/4
  1953 | D:4      | Found a staircase to the Ecumenical Temple.
  1979 | Temple   | Entered the Ecumenical Temple
  1993 | Temple   | Became a worshipper of Warmaster Okawaru
  2121 | D:4      | Noticed an ogre
  2129 | D:4      | Killed an ogre
  2130 | D:4      | Reached skill level 5 in Unarmed Combat
  2130 | D:4      | Reached XP level 5. HP: 16/45 MP: 5/5
  2367 | D:4      | Found a glowing drain.
  2376 | Sewer    | Entered a sewer
  2563 | Sewer    | Reached XP level 6. HP: 41/52 MP: 6/6
  2901 | Sewer    | Reached skill level 6 in Unarmed Combat
  3138 | Sewer    | Found a viscous altar of Jiyva.
  3358 | D:4      | Reached * piety under Okawaru
  3394 | D:4      | Found Yqasul's Self-Improvement Boutique.
  3394 | D:4      | Noticed Grinder
  3413 | D:4      | Killed Grinder
  3414 | D:4      | Reached skill level 5 in Fighting
  3414 | D:4      | Reached skill level 7 in Unarmed Combat
  3414 | D:4      | Your scales start taking on a fiery red colour.
  3414 | D:4      | Reached XP level 7. HP: 35/61 MP: 7/7
  3414 | D:4      | Gained mutation: Your flesh is heat resistant. (rF+) [Red
                  | Draconian growth]
  3715 | D:4      | Noticed Sigmund
  3728 | D:4      | Killed Sigmund
  3728 | D:4      | Reached ** piety under Okawaru
  4386 | D:5      | Entered Level 5 of the Dungeon
  4386 | D:5      | Noticed Duvessa
  4386 | D:5      | Noticed Dowan
  4466 | D:5      | Reached skill level 8 in Unarmed Combat
  4479 | D:5      | Noticed a yak
  4479 | D:5      | Noticed a yak
  4480 | D:5      | Noticed a yak
  4482 | D:5      | Killed a yak
  4483 | D:5      | Reached XP level 8. HP: 56/70 MP: 8/8
  4619 | D:5      | Found a sand-covered staircase.
  4628 | Ossuary  | Entered an ossuary
  4973 | D:5      | Reached *** piety under Okawaru
  4989 | D:5      | Reached skill level 9 in Unarmed Combat
  5110 | D:5      | Killed Duvessa
  5111 | D:5      | Reached XP level 9. HP: 79/79 MP: 9/9
  5111 | D:5      | Killed Dowan
  5267 | D:5      | Identified a scroll of acquirement
  5268 | D:5      | Acquired the +2 pair of boots "Koppal" {Rampage rC- Regen+
                  | Str+7}
  5552 | D:6      | Noticed Edmund
  5564 | D:5      | Killed Edmund
  5604 | D:6      | Noticed Maggie
  5620 | D:6      | Killed Maggie
  5621 | D:6      | Reached skill level 1 in Invocations
  5628 | D:5      | Slain by a wight

Illustrated notes

Levels and vault maps discovered:
D:1:      giann_bridges, layout_loops_corners, serial_shops,
          nicolae_shop_window_shopping, st_stairs_13, minmay_tall_x
D:2:      layout_basic, serial_shops, nicolae_lakefront_shop
D:3:      layout_rooms
D:4:      layout_cave_pods, minmay_temple_entry_large_hall,
          gup_sewer_entry_bubbles, nicolae_shop_self_help, uniq_sigmund,
          uniq_grinder
D:5:      layout_basic, enter_ossuary_3, kennysheep_small_square, uniq_duvessa
D:6:      layout_gridville, uniq_maggie, uniq_edmund, uniq_eustachio
Temple:   nicolae_temple_slightly_damp_pantheon

Skill      XL: |  1  2  3  4  5  6  7  8  9 |
---------------+----------------------------+-----
Fighting       | 2 3 5 6 7 8 |  8.2
Unarmed Combat | 4 5 7 8 9 |  9.4
Shapeshifting  | 4 |  4.9
Invocations    | 1 |  1.6
Dodging        | |  1.7

Action                     |  1- 3 |  4- 6 |  7- 9 || total
---------------------------+-------+-------+-------++-------
  Melee: Unarmed           |   102 |   182 |   142 ||   426
         Tailslap          |     8 |    20 |    22 ||    50
         Punch             |     1 |     6 |    11 ||    18
 Invoke: Heroism           |       |       |     1 ||     1
Ability: Breathe Fire      |       |       |     7 ||     7
  Evoke: Wand              |       |     1 |       ||     1
    Use: Scroll            |       |     5 |     7 ||    12
         Potion            |       |       |     1 ||     1
   Stab: Sleeping          |     2 |       |       ||     2
 Armour: Skin              |    35 |    45 |    26 ||   106
  Dodge: Dodged            |    60 |    96 |    84 ||   240

Table legend: (Time is in decaauts)
 A = Elapsed time spent in this place.
 B = Non-inter-level travel time spent in this place.
 C = Inter-level travel time spent in this place.
 D = Time resting spent in this place.
 E = Time spent auto-exploring this place.
 F = Levels seen in this place.
 G = Mean time per level.
                   A        B        C        D        E       F      G
               +--------+--------+--------+--------+--------+-----+--------+
         Total |   5633 |   5420 |    213 |   1740 |   2257 |   9 |  625.9 |
       Dungeon |   4455 |   4268 |    187 |   1040 |   2195 |   6 |  742.5 |
        Temple |    110 |     84 |     26 |     82 |      0 |   1 |  110.0 |
         Sewer |    883 |    883 |      0 |    544 |     32 |   1 |  883.0 |
       Ossuary |    183 |    183 |      0 |     74 |     29 |   1 |  183.0 |
               +--------+--------+--------+--------+--------+-----+--------+

Top non-repeatable levels by time:
     D:4: 1551 daAuts
     D:1: 1013 daAuts
     D:5: 953 daAuts
   Sewer: 883 daAuts
     D:2: 506 daAuts
     D:3: 377 daAuts
 Ossuary: 183 daAuts
  Temple: 110 daAuts
     D:6: 53 daAuts
